 Dungeon Crawl Stone Soup version 0.30-a0-272-gf98c3da03f (webtiles) character file.

Game seed: 4839521556127664306

63539 Lobster4 the Grappler (level 14, 0/150 HPs)
             Began as a Troll Monk on Oct 15, 2022.
             Was the Champion of Wu Jian.
             Slain by a wolf spider (6 damage)
             ... on level 5 of the Lair of Beasts.
             The game lasted 01:11:58 (15544 turns).

Lobster4 the Grappler (Troll Monk)                 Turns: 15544, Time: 01:11:59

Health: 0/150      AC: 14    Str: 24    XL:     14   Next: 68%
Magic:  19/20      EV: 11    Int:  8    God:    Wu Jian [******]
Gold:   1549       SH:  0    Dex: 12    Spells: 17/22 levels left

rFire   . . .      SeeInvis .      - Unarmed
rCold   . . .      Faith    .    (no shield)
rNeg    . . .      Spirit   .    P - +1 troll leather armour
rPois   +          Reflect  .    (helmet restricted)
rElec   .          Harm     .    y - +2 cloak {Stlth+}
rCorr   .          Rampage  .    (gloves unavailable)
Will    +....                    (boots unavailable)
Stlth   ++........               (no amulet)
HPRegen 2.05/turn                U - ring of poison resistance
MPRegen 0.17/turn                E - +4 ring of protection

@: lethally poisoned (0 -> -23), about to teleport, wereblooded
A: large, unfitting armour, claws 3, regeneration 1, shaggy fur 1, tough skin 1
a: Renounce Religion, Wall Jump, Serpent's Lash, Heavenly Storm


You were on level 5 of the Lair of Beasts.
You worshipped Wu Jian.
Wu Jian was exalted by your worship.
You visited 3 branches of the dungeon, and saw 17 of its levels.

You collected 2002 gold pieces.
You spent 453 gold pieces at shops.

Inventory:

Hand Weapons
 a - a +1 spectral giant spiked club
 b - a +0 longbow
Missiles
 m - 23 poisoned darts
 o - 16 boomerangs (quivered)
 s - 6 atropa-tipped darts
 u - 15 javelins
 N - 8 curare-tipped darts
 Q - 8 large rocks
Armour
 e - +0 acid dragon scales
 y - a +2 cloak of stealth (worn)
 A - a +2 robe of the Archmagi
 I - +0 steam dragon scales
 M - +0 swamp dragon scales
 P - a +1 troll leather armour (worn)
 W - a +2 robe of resistance
Jewellery
 f - a ring of flight
 n - a +4 ring of evasion
 E - a +4 ring of protection (right claw)
 H - a ring of protection from fire
 R - a ring of resist corrosion
 S - a +4 ring of slaying
 U - a ring of poison resistance (left claw)
Wands
 D - a wand of quicksilver (1)
 G - a wand of flame (36)
 K - a wand of iceblast (26)
 L - a wand of digging (10)
 Y - a wand of mindburst (4)
Scrolls
 h - 2 scrolls of immolation
 i - 4 scrolls of magic mapping
 k - 5 scrolls of teleportation
 q - 2 scrolls of butterflies
 r - a scroll of blinking {unknown}
 w - 2 scrolls of enchant armour
 x - a scroll of acquirement {unknown}
 C - 3 scrolls of brand weapon
 J - 4 scrolls of poison
 O - 4 scrolls of fear
 T - 2 scrolls of amnesia
 Z - 2 scrolls of enchant weapon
Potions
 c - 4 potions of haste
 d - 5 potions of curing
 g - 3 potions of magic
 j - 2 potions of heal wounds
 l - 13 potions of ambrosia
 t - 2 potions of resistance
 v - 2 potions of invisibility
 z - 2 potions of flight
 F - 6 potions of brilliance
 V - a potion of berserk rage
 X - 2 potions of lignification
Miscellaneous
 p - a condenser vane
 B - a lightning rod (4/4)


   Skills:
 + Level 12.3 Fighting
 - Level 2.0(3.2) Axes
 + Level 4.2(4.5) Maces & Flails
 - Level 1.0 Ranged Weapons
 - Level 3.0 Throwing
 - Level 3.0 Armour
 + Level 6.5 Dodging
 - Level 1.0 Stealth
 + Level 14.4 Unarmed Combat
 + Level 4.9 Spellcasting
 - Level 6.0 Transmutations
 + Level 5.7 Earth Magic
 + Level 3.7 Evocations


You had 17 spell levels left.
You knew the following spells:

 Your Spells              Type           Power      Damage    Failure   Level
a - Wereblood             Tmut           11%        N/A       4%          2
b - Sandblast             Erth           22%        2d7       3%          1
c - Passwall              Tmut/Erth      9%         N/A       4%          2

Your spell library contained the following spells:

 Spells                   Type           Power      Damage    Failure   Level
 Stone Arrow              Conj/Erth      12%        3d7       28%         3
 Magic Dart               Conj           4%         1d3       30%         1
 Necrotise                Necr           4%         1d4       30%         1
 Searing Ray              Conj           2%         2d4       43%         2
 Sublimation of Blood     Necr           1%         N/A       43%         2
 Ice Form                 Ice/Tmut       6%         N/A       65%         4
 Gell's Gravitas          Tloc           1%         N/A       67%         3
 Hailstorm                Conj/Ice       1%         3d3       67%         3
 Teleport Other           Tloc           1%         N/A       67%         3
 Vampiric Draining        Necr           1%         2d6       67%         3
 Fulminant Prism          Conj/Hex       0%         3d6       97%         4
 Agony                    Necr           1%         N/A       100%        5
 Dispersal                Tloc           0%         N/A       100%        6
 Simulacrum               Ice/Necr       0%         N/A       100%        6
 Summon Hydra             Summ           0%         N/A       100%        7


Dungeon Overview and Level Annotations

Branches:
Dungeon (10/15)            Temple (0/1) D:6            Lair (5/5) D:9
  Swamp (0/4) Lair:2       Spider (0/4) Lair:2        Slime (0/5) Lair:5
    Orc (2/2) D:10            Elf (0/3) Orc:2

Altars:
Ashenzari
Cheibriados
Dithmenos
Elyvilon
Fedhas
Gozag
Kikubaaqudgha
Nemelex Xobeh
Okawaru
Qazlal
Ru
Sif Muna
Trog
Wu Jian
Yredelemnul
The Shining One
Jiyva

Shops:
D:1 *((*   D:2 [   D:4 [   Orc:2 [!*(

Annotations:
D:3 3 runed translucent doors, Zonian's ghost, amateur DjIE
D:10 2 transporters


Innate Abilities, Weirdness & Mutations

You are too large for most types of armour.
You have claws for hands.
Your natural rate of healing is unusually fast.
You are covered in fur. (AC +1)
You have tough skin. (AC +1)


Message History

You're wearing all the rings you can.
Remove which one? (? for menu, Esc to cancel) < or
S - a +4 ring of slaying; > or
E - a +4 ring of protection You remove your +4 ring of slaying.
You feel very sick. The black mamba bites you.
You are more poisoned.
The black mamba poisons you! The black mamba bites you.
U - a ring of poison resistance (left claw)
You feel very sick. The black mamba barely misses you.
You mangle the black mamba!!
The black mamba is almost dead.
You feel very sick. The black mamba barely misses you.
The black mamba closely misses you. The black mamba bites you!
You barely miss the black mamba.
The black mamba is almost dead.
You feel very sick. The black mamba bites you.
* * * LOW HITPOINT WARNING * * *
The guardian serpent casts a spell at you.
The wolf spider blinks!
The cane toad blinks!
The black mamba bites you but does no damage.
The black mamba misses you.
As you read the scroll of teleportation, it crumbles to dust.
You feel strangely unstable.
You feel very sick. The black mamba barely misses you.
The black mamba bites you but does no damage.
The wolf spider hits you!
* * * LOW HITPOINT WARNING * * *
The wolf spider bites you!
* * * LOW HITPOINT WARNING * * *
You are lethally poisoned!
The wolf spider poisons you! The black mamba bites you.
* * * LOW HITPOINT WARNING * * *
The cane toad barely misses you. The black mamba closely misses you.
The wolf spider hits you.
You die...

.....##...##....##...##....##
..P...##...#....#...##....#.#
.......##..##..##..##......###
........##. ..#..##.........#
.###.....# ###..#....###..##
...###.... #####....### ####
.....###.. ##..##..### . ###
### ....... ## #....####...$
#.###.. ..#.... #.PP.@SS....?
#...... .#.....
###...FsSĀ§....! #..#.##
.......###.#....####...$
##.####
.....###().....##..###.. #..##
...###....#..#####...###
##..P# .###.....##.##
#.##.)..###P...# ........##(.#
#..##^........###
.......##..##
##..##.....P....# ......##...#
#...##........###


You could see a wolf spider, a guardian serpent, 2 black mambas and a cane toad.

Vanquished Creatures
  A fire dragon (Lair:5)
  A catoblepas (Lair:3)
  4 hydras
  A centaur warrior (D:8)
  A boulder beetle (Lair:3)
  9 two-headed ogres
  A tengu warrior (D:10)
  2 orc high priests (Orc:2)
  An orb spider (Lair:2)
  A swamp dragon (Lair:5)
  4 orc knights
  2 cyclopes
  7 orc sorcerers
  A will-o-the-wisp (Lair:2)
  Joseph (D:9)
  9 black mambas
  10 elephants
  17 cane toads
  8 rime drakes
  Maggie (D:6)
  A tengu conjurer (D:10)
  7 komodo dragons
  2 queen bees (Lair:2)
  2 polar bears
  7 trolls
  17 blink frogs
  8 saltlings (Orc:2)
  5 hornets
  Sigmund (D:3)
  15 wyverns
  2 wraiths
  A shadow (D:9)
  12 basilisks
  14 yaks
  3 steam dragons
  2 redbacks (Lair:5)
  6 wargs
  2 acid dragons
  Duvessa (D:7)
  28 water moccasins
  2 swamp drakes (Lair:5)
  22 orc warriors
  A sky beast (D:6)
  5 ogres
  15 wolves
  2 centaurs
  A phantom (D:5)
  4 kobold brigands
  3 necrophages
  Blork the orc (D:5)
  9 bullfrogs
  2 scorpions
  Dowan (D:7)
  6 wights (D:8)
  55 killer bees
  An electric eel (D:9)
  A howler monkey (D:8)
  3 jellies
  13 hounds
  2 gnoll boudas
  7 orc priests
  Jessica (D:3)
  10 iguanas
  Natasha (thrice) (D:3)
  17 orc wizards
  6 adders
  18 gnolls
  2 shadow imps (D:7)
  A white imp (D:5)
  An ufetubus (D:5)
  3 worms
  4 dart slugs
  92 orcs
  A ball python (D:3)
  6 endoplasms
  4 giant cockroaches
  10 goblins
  13 hobgoblins
  15 kobolds
  7 bats
  4 frilled lizards
  8 rats
600 creatures vanquished.

Vanquished Creatures (collateral kills)
  A rime drake (Lair:5)
  A swamp drake (Lair:5)
2 creatures vanquished.

Vanquished Creatures (others)
  A killer bee (Lair:2)
  An orc (D:8)
  A bush (Lair:3)
  2 foxfires (Lair:2)
  46 fungi
  4 pillars of salt (Orc:2)
  72 plants
127 creatures vanquished.

Grand Total: 729 creatures vanquished

Notes
Turn   | Place    | Note
-------+----------+-------------------------------------------
     0 | D:1      | Lobster4 the Troll Monk began the quest for the Orb.
     0 | D:1      | Reached XP level 1. HP: 22/22 MP: 0/0
    32 | D:1      | Found Pelut's Assorted Antiques.
   169 | D:1      | Reached XP level 2. HP: 26/29 MP: 1/1
   171 | D:1      | Found Porozen's Weapon Shop.
   191 | D:1      | Found Piogoh's Weapon Boutique.
   246 | D:1      | Found Yhiokiveomm's General Store.
   372 | D:1      | Reached XP level 3. HP: 36/36 MP: 2/2
   710 | D:2      | Found Gebu's Armour Emporium.
  1393 | D:3      | Found a runed translucent gate.
  1393 | D:3      | Noticed Natasha
  1396 | D:3      | Found a runed translucent gate.
  1396 | D:3      | Found a runed translucent gate.
  1396 | D:3      | Noticed Zonian's ghost (amateur DjIE)
  1410 | D:3      | Killed Natasha
  1411 | D:3      | Reached XP level 4. HP: 39/45 MP: 3/3
  1499 | D:3      | Found an opulent altar of Gozag.
  1513 | D:3      | Reached skill level 1 in Throwing
  1635 | D:3      | Found an ornate altar of the Wu Jian Council.
  1635 | D:3      | Noticed Jessica
  1636 | D:3      | Killed Jessica
  1637 | D:3      | Reached skill level 4 in Unarmed Combat
  1647 | D:3      | Became a worshipper of the Wu Jian Council
  1647 | D:3      | Reached * piety under Wu Jian
  1647 | D:3      | Reached ** piety under Wu Jian
  1739 | D:3      | Noticed Natasha
  1742 | D:3      | Killed Natasha
  1743 | D:3      | Reached XP level 5. HP: 53/53 MP: 4/4
  1824 | D:3      | Noticed Natasha
  1831 | D:3      | Killed Natasha
  1932 | D:3      | Noticed Sigmund
  1941 | D:3      | Killed Sigmund
  1942 | D:3      | Reached XP level 6. HP: 62/62 MP: 5/5
  2037 | D:4      | Found a blossoming altar of Fedhas.
  2121 | D:4      | Found Ebur's Antique Armour Shoppe.
  2169 | D:4      | Reached skill level 5 in Unarmed Combat
  2182 | D:4      | Reached XP level 7. HP: 62/70 MP: 6/6
  2193 | D:4      | Reached skill level 1 in Armour
  2241 | D:4      | Reached skill level 1 in Evocations
  2472 | D:4      | Found a shadowy altar of Dithmenos.
  2600 | D:4      | Found a stormy altar of Qazlal.
  2609 | D:4      | Found a sacrificial altar of Ru.
  2610 | D:4      | Found a basalt altar of Yredelemnul.
  2612 | D:4      | Found a bloodstained altar of Trog.
  2614 | D:4      | Found a snail-covered altar of Cheibriados.
  2675 | D:4      | Reached *** piety under Wu Jian
  3003 | D:5      | Entered Level 5 of the Dungeon
  3012 | D:5      | Reached skill level 1 in Axes
  3049 | D:5      | Reached XP level 8. HP: 13/79 MP: 7/7
  3051 | D:5      | Reached skill level 6 in Unarmed Combat
  3330 | D:1      | Bought a potion of degeneration for 13 gold pieces
  3334 | D:1      | Bought a scroll of identify for 26 gold pieces
  3421 | D:2      | Bought a +2 cloak of stealth for 258 gold pieces
  3572 | D:5      | Found a white marble altar of Elyvilon.
  3642 | D:5      | Reached skill level 5 in Fighting
  3652 | D:5      | Noticed Blork the orc
  3660 | D:5      | Killed Blork the orc
  3842 | D:5      | Found an ancient bone altar of Kikubaaqudgha.
  3936 | D:5      | Learned a level 2 spell: Wereblood
  4109 | D:6      | Reached skill level 1 in Transmutations
  4144 | D:6      | Reached skill level 1 in Spellcasting
  4326 | D:6      | Reached **** piety under Wu Jian
  4366 | D:6      | Found a staircase to the Ecumenical Temple.
  4406 | D:6      | Noticed Maggie
  4411 | D:6      | Killed Maggie
  4412 | D:6      | Reached skill level 7 in Unarmed Combat
  4412 | D:6      | Reached XP level 9. HP: 89/89 MP: 10/10
  4572 | D:7      | Noticed a two-headed ogre
  4586 | D:7      | Killed a two-headed ogre
  4844 | D:7      | Noticed Duvessa
  4845 | D:7      | Noticed Dowan
  4855 | D:7      | Killed Duvessa
  4856 | D:7      | Killed Dowan
  5358 | D:8      | Noticed a troll
  5368 | D:8      | Killed a troll
  5369 | D:8      | Reached skill level 1 in Maces & Flails
  5373 | D:8      | Noticed a cyclops
  5379 | D:8      | Killed a cyclops
  5379 | D:8      | Noticed a centaur warrior
  5380 | D:8      | Reached skill level 1 in Ranged Weapons
  5380 | D:8      | Reached skill level 8 in Unarmed Combat
  5380 | D:8      | Reached XP level 10. HP: 88/100 MP: 13/13
  5388 | D:8      | Killed a centaur warrior
  5454 | D:8      | Noticed a two-headed ogre
  5633 | D:8      | Killed a two-headed ogre
  5801 | D:8      | Reached ***** piety under Wu Jian
  5827 | D:8      | Found a broken altar of Ashenzari.
  6167 | D:8      | Learned a level 2 spell: Passwall
  6301 | D:8      | Identified the +6 scale mail of Reason {Fly rC- Dex+4}
  6567 | D:9      | Reached skill level 1 in Earth Magic
  6586 | D:9      | Noticed a two-headed ogre
  6674 | D:9      | Killed a two-headed ogre
  6674 | D:9      | Reached skill level 9 in Unarmed Combat
  6674 | D:9      | Reached XP level 11. HP: 71/109 MP: 14/16
  6743 | D:9      | Found a staircase to the Lair.
  6748 | D:9      | Noticed Joseph
  6766 | D:9      | Killed Joseph
  6859 | D:9      | Identified the +2 helmet of the Ward {Slay+2}
  7343 | D:10     | Entered Level 10 of the Dungeon
  7379 | D:10     | Found a sparkling altar of Nemelex Xobeh.
  7407 | D:10     | Noticed a tengu warrior
  7435 | D:10     | Killed a tengu warrior
  7547 | D:10     | Found an iron altar of Okawaru.
  7736 | D:10     | Found a glowing golden altar of the Shining One.
  7754 | D:10     | Found a staircase to the Orcish Mines.
  7814 | D:10     | Found a shimmering blue altar of Sif Muna.
  7958 | D:10     | Found a transporter.
  7958 | D:10     | Noticed a boulder beetle
  7959 | D:10     | Found a transporter.
  8316 | D:8      | Reached skill level 5 in Transmutations
  8441 | D:1      | Bought a potion of invisibility for 104 gold pieces
  8441 | D:1      | Bought a scroll of poison for 52 gold pieces
  8633 | Orc:1    | Entered Level 1 of the Orcish Mines
  8633 | Orc:1    | Noticed an orc sorcerer
  8638 | Orc:1    | Killed an orc sorcerer
  8703 | Orc:1    | Noticed an orc knight
  8742 | D:10     | Killed an orc knight
  8819 | Orc:1    | Reached skill level 10 in Unarmed Combat
  9131 | Orc:2    | Entered Level 2 of the Orcish Mines
  9578 | Orc:2    | Reached ****** piety under Wu Jian
  9628 | Orc:2    | Found a staircase to the Elven Halls.
  9673 | Orc:2    | Noticed an orc high priest
  9684 | Orc:2    | Reached XP level 12. HP: 108/123 MP: 15/17
  9694 | Orc:2    | Killed an orc high priest
  9832 | Orc:2    | Noticed a two-headed ogre
  9842 | Orc:2    | Reached skill level 11 in Unarmed Combat
  9845 | Orc:2    | Killed a two-headed ogre
  9961 | Orc:2    | Noticed a two-headed ogre
  9967 | Orc:2    | Killed a two-headed ogre
 10048 | Orc:2    | Found Yboadal's Assorted Antiques.
 10048 | Orc:2    | Noticed a two-headed ogre
 10053 | Orc:2    | Killed a two-headed ogre
 10054 | Orc:2    | Reached skill level 10 in Fighting
 10073 | Orc:2    | Reached skill level 12 in Unarmed Combat
 10127 | Orc:2    | Found Kaop's Distillery.
 10128 | Orc:2    | Noticed an orc high priest
 10451 | Orc:2    | Killed an orc high priest
 10507 | Orc:2    | Found Boari's Armour Shoppe.
 10525 | Orc:2    | Noticed a two-headed ogre
 10600 | Orc:2    | Noticed a two-headed ogre
 10616 | Orc:2    | Killed a two-headed ogre
 10665 | Orc:2    | Found Ewiniru's Weapon Boutique.
 10713 | Orc:2    | Killed a two-headed ogre
 10832 | D:9      | Noticed a two-headed ogre
 10846 | D:9      | Killed a two-headed ogre
 10892 | Lair:1   | Entered Level 1 of the Lair of Beasts
 10997 | Lair:1   | Reached XP level 13. HP: 129/137 MP: 18/18
 11044 | Lair:1   | Reached skill level 13 in Unarmed Combat
 11797 | Lair:2   | Found a staircase to the Swamp.
 12411 | Lair:2   | Reached skill level 5 in Dodging
 12511 | Lair:2   | Found a hole to the Spider Nest.
 12750 | Lair:3   | Learned a level 1 spell: Sandblast
 12898 | Lair:3   | You fall into a shaft and drop 1 floor!
 13167 | Lair:3   | Reached skill level 14 in Unarmed Combat
 13659 | Lair:4   | Reached XP level 14. HP: 149/149 MP: 19/19
 13887 | Lair:4   | Found a shadowy altar of Dithmenos.
 14294 | Lair:5   | Entered Level 5 of the Lair of Beasts
 14312 | Lair:5   | Reached skill level 5 in Earth Magic
 14940 | Lair:5   | Found a viscous altar of Jiyva.
 14944 | Lair:5   | Found a staircase to the Slime Pits.
 15544 | Lair:5   | HP: 6/150 [black mamba (4)]
 15544 | Lair:5   | Slain by a wolf spider

Illustrated notes

Levels and vault maps discovered:
D:1:      lightli_arrival_statuegarden, layout_basic, serial_shops,
          nicolae_shop_trees, shop, nicolae_shop_trees, nicolae_diamond_shop,
          minmay_pentomino_r2
D:2:      layout_basic, serial_shops, shop_fountains
D:3:      minmay_angry_zag, layout_basic, lemuel_coloured_pillars_altar,
          mainiacjoe_overflow_six_doors_small, ebering_ghost_rock_garden,
          minmay_goblin_kobold_house, uniq_sigmund, uniq_natasha, uniq_jessica
D:4:      layout_cave_pods, mainiacjoe_overflow_brackets,
          general_overflow_altar, minitemple, serial_shops,
          nicolae_shop_statue_plus, hangedman_decor_riveting,
          chequers_serial_rivers_micro_c, grunt_decor_mini_mirrors,
          minmay_divided_ellipse
D:5:      layout_basic, mainiacjoe_overflow_alcove_4, elyvilon_altar_4,
          uniq_blork_the_orc
D:6:      layout_rooms, minmay_temple_entry_waves, uniq_maggie
D:7:      hellmonk_crumbling_castle, layout_basic, uniq_duvessa
D:8:      minmay_the_grid_octo_2x2 [minmay_the_grid_octo_clover,
          minmay_the_grid_octo_vomiting_pacman, minmay_the_grid_octo_empty,
          minmay_the_grid_octo_prize_single_spiral], layout_gridville
D:9:      layout_gridville, erik_lair_island, dreamdust_wishing_well,
          uniq_joseph
D:10:     gammafunk_boulding_lane, layout_basic,
          mainiacjoe_overflow_tiny_flanked, lemuel_crystal_altar,
          kennysheep_little_box, lemuel_tele_altar, minmay_orc_entry_guard_dogs,
          special_room [special_room_orc]
Lair:1:   layout_loops_ring, serial_rivers, chequers_serial_rivers_micro_d,
          chequers_serial_rivers_small_b, chequers_serial_rivers_micro_e,
          chequers_serial_rivers_micro_d
Lair:2:   regret_index_wax_grids, layout_gridlike, minmay_swamp_entry_wisps,
          nicolae_spider_entry_orb_guardian, special_room [special_room_bee]
Lair:3:   layout_roguey, kennysheep_catoblepas_arena
Lair:4:   layout_roguey, basic_altar, serial_bayou_shore_b, grunt_megastairs_4
Lair:5:   hangedman_lair_tendril_chambers, layout_loops_ring,
          guppyfry_lair_end_dragon, slime_entry_1
Orc:1:    layout_caves, basic_altar
Orc:2:    hellmonk_orc_salted, layout_diamond_mine, basic_altar

Skill      XL: |  1  2  3  4  5  6  7  8  9 10 11 12 13 14 |
---------------+-------------------------------------------+-----
Fighting       | 3 4 5 6 7 9 11 12 | 12.3
Dodging        | 3 5 6 |  6.5
Throwing       | 1 2 3 |  3.0
Unarmed Combat | 4 5 7 8 9 10 12 14 | 14.4
Armour         | 1 3 |  3.0
Evocations     | 2 3 |  3.7
Axes           | 1 2 |  2.0
Transmutations | 2 3 4 5 6 |  6.0
Spellcasting   | 1 3 4 |  4.9
Maces & Flails | 1 2 4 |  4.2
Ranged Weapons | 1 |  1.0
Earth Magic    | 1 4 5 |  5.7
Stealth        | |  1.0

Action                   |  1- 3 |  4- 6 |  7- 9 | 10-12 | 13-15 || total
-------------------------+-------+-------+-------+-------+-------++-------
Melee: Unarmed           |    89 |    84 |   315 |   781 |   641 ||  1910
       Punch             |     1 |       |     9 |    51 |    47 ||   108
       Giant spiked club |       |       |       |       |    23 ||    23
Throw: Dart              |       |     4 |     6 |    25 |       ||    35
       Boomerang         |       |     4 |       |       |     8 ||    12
       Javelin           |       |       |       |       |     2 ||     2
 Cast: Wereblood         |       |       |       |    19 |    30 ||    49
       Sandblast         |       |       |       |       |    11 ||    11
Invok: Lunge             |       |     9 |    30 |    48 |    34 ||   121
       Whirlwind         |       |     2 |    66 |    79 |    24 ||   171
       Serpent's Lash    |       |       |       |     1 |       ||     1
 Abil: Wall Jump         |       |       |     1 |     7 |     1 ||     9
Evoke: Wand              |       |       |     4 |     2 |     1 ||     7
  Use: Scroll            |     3 |     2 |     4 |     9 |    11 ||    29
       Potion            |       |       |     1 |     2 |     4 ||     7
 Stab: Sleeping          |     1 |     3 |     8 |     4 |     5 ||    21
       Distracted        |       |     1 |       |     1 |     2 ||     4
Armor: Robe              |    27 |    15 |    54 |    25 |    25 ||   146
       Steam dragon scal |       |       |    25 |     4 |       ||    29
       Acid dragon scale |       |       |       |   170 |       ||   170
       Troll leather arm |       |       |       |    85 |   323 ||   408
Dodge: Dodged            |    45 |    51 |   159 |   467 |   358 ||  1080

Table legend: (Time is in decaauts)
 A = Elapsed time spent in this place.
 B = Non-inter-level travel time spent in this place.
 C = Inter-level travel time spent in this place.
 D = Time resting spent in this place.
 E = Time spent auto-exploring this place.
 F = Levels seen in this place.
 G = Mean time per level.
                   A        B        C        D        E       F      G
               +--------+--------+--------+--------+--------+-----+--------+
         Total |  15314 |  14094 |   1220 |    897 |   8688 |  17 |  900.8 |
       Dungeon |   8736 |   7752 |    984 |    568 |   4985 |  10 |  873.6 |
          Lair |   4541 |   4448 |     93 |    234 |   2714 |   5 |  908.2 |
  Orcish Mines |   2035 |   1892 |    143 |     95 |    988 |   2 | 1017.5 |
               +--------+--------+--------+--------+--------+-----+--------+

Top non-repeatable levels by time:
   Orc:2: 1537 daAuts
     D:8: 1232 daAuts
  Lair:5: 1229 daAuts
     D:4: 1106 daAuts
     D:9: 1093 daAuts
  Lair:2: 1060 daAuts
    D:10: 1022 daAuts
  Lair:3: 819 daAuts
     D:2: 818 daAuts
     D:1: 804 daAuts
     D:5: 801 daAuts
  Lair:4: 724 daAuts
  Lair:1: 708 daAuts
     D:7: 688 daAuts
     D:3: 671 daAuts
